 Dungeon Crawl Stone Soup version 0.14-a0-1097-gc7db7fc (webtiles) character file.

130 MackTheKnife the Grave Robber (level 3, -8/26 HPs)
             Began as a Draconian Necromancer on Nov 28, 2013.
             Killed from afar by Ijyb (9 damage)
             ... with a wand of frost
             ... on Level 2 of the Dungeon.
             The game lasted 00:02:45 (1407 turns).

MackTheKnife the Grave Robber (DrNe)                Turns: 1407, Time: 00:02:45

HP  -8/26        AC  5     Str 10      XL: 3   Next: 76%
MP   1/6         EV 12     Int 15      God:
Gold 72          SH  0     Dex 12      Spells:  3 memorised,  1 level left

rFire  . . .     SeeInvis .     d - +0,+2 dagger
rCold  . . .     Clarity  .     (armour unavailable)
rNeg   . . .     Conserve .     (no shield)
rPois  .         rCorr    .     (helmet restricted)
rElec  .         rRot     .     (no cloak)
SustAb . .       Spirit   .     (no gloves)
rMut   .         Warding  .     (no boots)
Saprov . . .     Stasis   .     (no amulet)
                                (no ring)
                                (no ring)

@: not resistant to hostile enchantments, unstealthy
A: unfitting armour, AC +5
a: no special abilities


You were on level 2 of the Dungeon.
You were hungry.

You visited 1 branch of the dungeon, and saw 2 of its levels.

You collected 72 gold pieces.


   Skills:
 - Level 1.7 Dodging
 - Level 1.7 Stealth
 + Level 2.4 Spellcasting
 + Level 4.8 Necromancy


You had one spell level left.
You knew the following spells:

 Your Spells              Type           Power        Failure   Level  Hunger
a - Animate Skeleton      Necr           N/A          3%          1    #......
x - Vampiric Draining     Necr           ###.......   12%         3    ####...
z - Pain                  Necr           ###.         3%          1    #......

Inventory:

Hand weapons
 d - a +0,+2 dagger (weapon)
Comestibles
 c - 2 bread rations
 i - 2 meat rations
 r - a chunk of hobgoblin flesh {@*1}
 t - a chunk of goblin flesh {@*1}
 u - a chunk of adder flesh {@*1}
Scrolls
 e - a scroll of curse weapon {unknown}
 g - a scroll of enchant weapon I {unknown}
 h - a scroll of magic mapping {unknown}
 j - 5 scrolls of identify {unknown}
 l - a scroll of amnesia {unknown}
 m - a scroll of noise {unknown}
 p - a scroll of fog {unknown}
Potions
 a - a potion of curing {unknown}
 f - a potion of speed {unknown}
 k - a potion of resistance {unknown}
 o - 2 potions of brilliance {unknown}
 q - a potion of heal wounds {unknown}
 s - a potion of restore abilities {unknown}
Books
 b - a book of Necromancy

   Spells                             Type                      Level
   *Pain                              Necromancy                   1
   *Animate Skeleton                  Necromancy                   1
   Lethal Infusion                    Charms/Necromancy            2
   *Vampiric Draining                 Necromancy                   3
   Regeneration                       Charms/Necromancy            3
   Animate Dead                       Necromancy                   4
   Control Undead                     Necromancy                   4

▒▒Z▒ ▒·g▒ ▒·▒▒
▒·▒ ▒·▒ ▒·▒ ▒·▒
▒·▒ ▒d▒ ▒·▒ ▒·▒
▒·▒ ▒·▒ ▒·▒▒▒▒
▒···Z▒▒ ▒▒▒
▒▒▒▒▒·▒▒▒▒▒▒·▒▒
▒·▒▒·▒▒···▒▒▒▒


You could see Ijyb and a friendly hobgoblin skeleton.


Message History

Aiming: Pain
Aim: Ijyb, wielding a runed dagger, wearing an orcish chain mail and carrying a wand of frost {zapped: 1} Ijyb convulses in agony!
Aiming: Pain
Aim: Ijyb, wielding a runed dagger, wearing an orcish chain mail and carrying a wand of frost {zapped: 1} (lightly wounded) Ijyb convulses in agony!
Aiming: Pain
Aim: Ijyb, wielding a runed dagger, wearing an orcish chain mail and carrying a wand of frost {zapped: 1} (moderately wounded) Ijyb convulses in agony!
Ijyb zaps a wand.
The puff of frost hits you!
* * * LOW HITPOINT WARNING * * *
Aiming: Pain
Aim: Ijyb, wielding a runed dagger, wearing an orcish chain mail and carrying a wand of frost {zapped: 2} (heavily wounded) Ijyb convulses in agony!
Ijyb drinks a potion.
Ijyb is healed!
Aiming: Pain
Aim: Ijyb, wielding a runed dagger, wearing an orcish chain mail and carrying a wand of frost {zapped: 2} (moderately wounded) Ijyb struggles to resist.
Ijyb hits you but does no damage.
Aiming: Pain
Aim: Ijyb, wielding a runed dagger, wearing an orcish chain mail and carrying a wand of frost {zapped: 2} (moderately wounded) Ijyb convulses in agony!
Ijyb zaps a wand.
The puff of frost hits you!
* * * LOW HITPOINT WARNING * * *
Ijyb zaps a wand.
The puff of frost hits your hobgoblin skeleton.
Ijyb screams, "Die!"
Ijyb zaps a wand.
The puff of frost misses you.
Your hobgoblin skeleton hits Ijyb.
You are feeling hungry.
Ijyb zaps a wand.
The puff of frost hits you!
* * * LOW HITPOINT WARNING * * *
Ijyb zaps a wand.
The puff of frost hits you!
You die...

Action                   || total
-------------------------++-------
Melee: Dagger            ||   136
 Cast: Pain              ||    11
       Animate Skeleton  ||     4
 Stab: Sleeping          ||     1

Vault maps used:
D:1:      mrwooster_entry_statue, minmay_circled_x
D:2:      first_bread, hex_large, minmay_shallow_snake_nest, uniq_iyjb

Notes
Turn   | Place    | Note
--------------------------------------------------------------
     0 | D:1      | MackTheKnife, the Draconian Necromancer, began the quest for the Orb.
     0 | D:1      | Reached XP level 1. HP: 14/14 MP: 3/3
   133 | D:1      | Reached XP level 2. HP: 12/20 MP: 4/4
   552 | D:1      | Learned a level 1 spell: Animate Skeleton
   630 | D:1      | Reached skill level 2 in Spellcasting
   895 | D:1      | Reached XP level 3. HP: 26/26 MP: 6/6
  1134 | D:2      | Learned a level 3 spell: Vampiric Draining
  1387 | D:2      | Noticed Ijyb
  1395 | D:2      | HP: 2/26 [Ijyb/wand of frost (6)]
  1405 | D:2      | HP: 1/26 [Ijyb/wand of frost (2)]
  1407 | D:2      | Killed from afar by Ijyb

Vanquished Creatures
  An adder (D:2)
  A worm (D:2)
  A giant gecko (D:1)
  An ooze (D:1)
  2 ball pythons (D:1)
  2 bats
  6 goblins
  4 hobgoblins
  6 giant cockroaches
  2 giant newts
  6 kobolds (D:1)
  A quokka (D:2)
  6 rats
39 creatures vanquished.

Vanquished Creatures (others)
  A giant newt skeleton (D:2)
1 creature vanquished.

Grand Total: 40 creatures vanquished
